 Dungeon Sprint DCSS version 0.29-a0-723-gce39da1c22 (webtiles) character file.

Game seed: 2073064103712010242

2589 manyhoops the Cleaver (level 9, -6/71 (73) HPs)
             Began as a Formicid Fighter on June 28, 2022.
             Was an Initiate of Okawaru.
             Shot with a bolt by a yaktaur captain (35 damage)
             ... in the Dungeon (Sprint II: "The Violet Keep of Menkaure").
             The game lasted 00:06:50 (2123 turns).

manyhoops the Cleaver (Formicid Fighter)            Turns: 2123, Time: 00:06:50

HP:   -6/71 (73)    AC: 17    Str: 26    XL:     9   Next: 89%
MP:   8/8           EV:  8    Int:  7    God:    Okawaru [......]
Gold: 598           SH:  6    Dex: 13    Spells: 8/8 levels left

rFire   . . .      SeeInvis +   i - +1 war axe (vorpal)
rCold   . . .      Faith    .   c - +0 buckler
rNeg    . . .      Spirit   .   l - +2 chain mail {Will+}
rPois   .          Reflect  .   (helmet unavailable)
rElec   .          Harm     .   d - +2 cloak
rCorr   .          Rampage  .   (no gloves)
Will    +....                   (no boots)
Stlth   ..........              (no amulet)
HPRegen 0.21/turn               (no ring)
MPRegen 0.11/turn               (no ring)

@: spiked, lightly drained
A: permanent stasis, dig shafts and tunnels, antennae 3, four strong arms, frail
1, low MP 1
a: Dig, Renounce Religion


You were in the Dungeon.
You worshipped Okawaru.
Okawaru was noncommittal.
You visited 1 branch You collected 1311 gold pieces.
You spent 713 gold pieces at shops.

Inventory:

Hand Weapons
 i - a +1 vorpal war axe (weapon)
Armour
 c - a +0 buckler (worn)
 d - a +2 cloak (worn)
 l - a +2 chain mail of willpower (worn)
Jewellery
 u - a ring of fire
Scrolls
 j - a scroll of fear
 k - a scroll of fog
 m - a scroll of silence
 r - a scroll of blinking
 s - a scroll of amnesia
 v - a scroll of vulnerability
 x - a scroll of enchant weapon {unknown}
Potions
 e - 3 potions of curing
 f - a potion of ambrosia {unknown}
 g - 5 potions of magic
 h - 3 potions of heal wounds
 n - a potion of lignification {unknown}
 o - 3 potions of flight
 p - a potion of might
 q - 2 potions of brilliance {unknown}
 t - 3 potions of resistance
 z - a potion of mutation {unknown}
Miscellaneous
 b - a tin of tremorstones (2/2)


   Skills:
 - Level 11.7 Fighting
 - Level 14.7 Axes
 - Level 11.4 Armour
 + Level 9.9 Shields


You had 8 spell levels left.
You didn't know any spells.
Your spell library contained the following spells:

 Spells                   Type           Power      Damage    Failure   Level
 Frozen Ramparts          Ice            0%         1d2       100%        3
 Inner Flame              Hex/Fire       0%         N/A       100%        3
 Portal Projectile        Hex/Tloc       0%         N/A       100%        3
 Anguish                  Hex/Necr       0%         N/A       100%        4
 Cause Fear               Hex            0%         N/A       100%        4
 Ice Form                 Ice/Tmut       0%         N/A       100%        4
 Leda's Liquefaction      Hex/Erth       0%         N/A       100%        4
 Enfeeble                 Hex            0%         N/A       100%        7
 Discord                  Hex            0%         N/A       100%        8
 Call Canine Familiar     Summ           Unusable   N/A       N/A         3
 Summon Ice Beast         Ice/Summ       Unusable   N/A       N/A         4

Dungeon Overview and Level Annotations

Branches:
Dungeon (1/1)

Altars:
Cheibriados
Dithmenos
Elyvilon
Fedhas
Gozag
Hepliaklqana
Kikubaaqudgha
Makhleb
Nemelex Xobeh
Okawaru
Qazlal
Ru
Sif Muna
Trog
Uskayaw
Vehumet
Wu Jian
Xom
Yredelemnul
Zin
The Shining One
Beogh
Jiyva
Lugonu

Shops:
D =:!=![(:(?(=[[[

Annotations:
D exclusions: obsidian statue and oklob plant, Kirke, Roxanne


Innate Abilities, Weirdness & Mutations

You cannot be hasted, slowed, berserked, paralysed or teleported.
You can dig through walls and to a lower floor.
You have a pair of large antennae on your head. (SInv)
Your four strong arms can wield two-handed weapons with a shield.
You are frail. (-10% HP)
Your magical capacity is low. (-10% MP)


Message History

The flying skull gives a hideous shriek!
The flying skull gives a hideous shriek!
The flying skull gives a hideous shriek!
Why would you want to do that? Why would you want to do that?
Why would you want to do that?
There is an open door here.
You enter the shallow water.
Moving in this stuff is going to be slow.
Really walk into a travel-excluded area? [Y]es or [N]o only, please.
Really walk into a travel-excluded area?
You are engulfed in a cloud of scalding steam.
You are engulfed in a cloud of scalding steam.
Marking area around an obsidian statue as unsafe for travelling.
Kirke, a yaktaur captain and a kobold demonologist come into view.
Kirke shouts!
The yaktaur captain shouts!
The kobold demonologist shouts!
You hear a trumpeting!
The kobold demonologist mumbles some strange words.
A centaur warrior comes into view.
Kirke moves out of view.
The centaur warrior shouts!
A skeletal warrior comes into view. It is wielding a +4 halberd.
The kobold demonologist casts a spell.
You block the red devil's attack.
The kobold demonologist miscasts a cantrip.
The yaktaur captain wields a +0 arbalest.
The yaktaur captain shoots a bolt.
The bolt hits you!!
Kirke casts a spell.
Nothing appears to happen.
The red devil hits you from afar with a +0 trident!
Barbed spikes become lodged in your body.
The barbs in your skin will harm you if you move.
Continue?
Okay, then.
You extend your mandibles.
The barbs in your skin will harm you if you move.
Continue?
You dig through the rock wall.
You feel drained.
The barbed spikes dig painfully into your body as you move.
The yaktaur captain shoots a bolt.
The bolt hits you!!
You die...

*+******+**,,####+####,,,,,,,,*,
*∩∩∩∩∩∩*,,+{##≈≈≈≈≈≈≈##⌠{{{,*+**
*∩∩∩∩∩∩*,{**#○≈≈≈○≈°§§##{,{,*,,*
******##*@{+≈≈≈§≈8≈○§≈§#*++**,,{
*{{{**.zc####≈§°○≈§≈§≈**≈,,,***{
*,{{{*,{Kc.≈##≈§≈≈≈§≈**{≈,,,,,**
############≈≈#+++#+++##***^,,,*{
###########≈≈4.........#{,+,,,,*{
##∩.∩.....#≈≈≈≈.@#+##..#,,****,*{
##.∩.∩....#≈≈≈≈##...##.####{{+.##
##..∩.∩...#≈≈≈≈#.##..#....#,{*...
##...∩.∩..#≈≈####.######..##**#..
##....∩.⌠.#≈##.###'###.##..#{,+..
##...∩.∩..#≈###.##.##...#..#,{#..
##..∩.∩...'≈'.##'.<.)##.'..####..
##.∩......#≈#...##.##...#....###.
#▓▓▓▓▓▓▓###≈##.###'###.##......≈≈


You could see a yaktaur captain, a centaur warrior, a kobold demonologist and a
red devil (summoned).

Vanquished Creatures
  A yaktaur (D)
  3 polar bears (D)
  A hornet (D)
  2 wyverns (D)
  4 neqoxecs (D)
  A vampire mosquito (D)
  Menkaure (D)
  3 water moccasins (D)
  4 necrophages (D)
  3 worms (D)
23 creatures vanquished.

Vanquished Creatures (others)
  A water moccasin (D)
  8 tentacles (D)
9 creatures vanquished.

Grand Total: 32 creatures vanquished

Notes
Turn   | Place    | Note
-------+----------+-------------------------------------------
     0 | D        | manyhoops the Formicid Fighter began the quest for the Orb.
     0 | D        | Reached XP level 1. HP: 18/18 MP: 1/1
     1 | D        | Noticed a neqoxec
     4 | D        | Killed a neqoxec
     5 | D        | Reached skill level 10 in Axes
     5 | D        | Reached XP level 2. HP: 24/24 MP: 2/2
     5 | D        | Reached XP level 3. HP: 29/29 MP: 3/3
     5 | D        | Reached XP level 4. HP: 35/35 MP: 4/4
     5 | D        | Reached XP level 5. HP: 41/41 MP: 5/5
     7 | D        | Noticed a neqoxec
     7 | D        | Noticed a neqoxec
     7 | D        | Noticed a neqoxec
    12 | D        | Killed a neqoxec
    13 | D        | Reached skill level 12 in Axes
    13 | D        | Reached XP level 6. HP: 35/47 MP: 6/6
    13 | D        | Gained mutation: Your magical capacity is low. (-10% MP) [a
                  | neqoxec]
    18 | D        | Killed a neqoxec
    18 | D        | Gained mutation: You are frail. (-10% HP) [a neqoxec]
    19 | D        | Reached skill level 13 in Axes
    19 | D        | Reached XP level 7. HP: 25/46 MP: 6/6
    24 | D        | Killed a neqoxec
    25 | D        | Reached skill level 14 in Axes
   137 | D        | Killed a water moccasin
   292 | D        | Reached skill level 5 in Fighting
   311 | D        | Reached XP level 8. HP: 32/62 MP: 7/7
   461 | D        | Noticed a wyvern
   461 | D        | Noticed a wyvern
   469 | D        | Killed a wyvern
   479 | D        | Killed a wyvern
   480 | D        | Reached skill level 10 in Fighting
   687 | D        | Found Wamnimeh's Jewellery Boutique.
   687 | D        | Found Egamuixoqo's Antique Armour Boutique.
   687 | D        | Found Ebbomixt's Weapon Shop.
   688 | D        | Found Cawo's Armour Shop.
   688 | D        | Found Rydeoce's Magic Scroll Boutique.
   688 | D        | Found Qeiliv's Antique Weapon Shop.
   688 | D        | Found Plog's Book Boutique.
   689 | D        | Found Xauschidgh's Antique Armour Boutique.
   689 | D        | Found Riarruil's Distillery.
   690 | D        | Found Dosmotz's Armour Shop.
   690 | D        | Found Imiadaga's Antique Weapon Boutique.
   691 | D        | Found Foth's Jewellery Boutique.
   691 | D        | Found Veyfeu's Distillery.
   691 | D        | Noticed Menkaure
   691 | D        | Noticed a great orb of eyes
   691 | D        | Noticed an oklob plant
   692 | D        | Found Qygitiuf's Jewellery Boutique.
   692 | D        | Found Efros's Book Shoppe.
   696 | D        | Noticed a hell hog
   698 | D        | Noticed a hell hog
   699 | D        | Bought a +2 cloak for 165 gold pieces
   699 | D        | Noticed an iron elemental
   713 | D        | Killed Menkaure
   918 | D        | Bought a potion of flight for 39 gold pieces
   918 | D        | Bought a potion of heal wounds for 65 gold pieces
   923 | D        | Bought a glowing war axe for 182 gold pieces
   930 | D        | Bought a scroll of identify for 28 gold pieces
   930 | D        | Bought a scroll of fear for 49 gold pieces
   930 | D        | Bought a scroll of fog for 28 gold pieces
   938 | D        | Bought a runed chain mail for 157 gold pieces
   961 | D        | Noticed a flying skull
   961 | D        | Noticed a flying skull
   962 | D        | Noticed a flying skull
   962 | D        | Noticed a flying skull
   963 | D        | Noticed a flying skull
   967 | D        | Reached skill level 5 in Armour
   987 | D        | Noticed a flying skull
   987 | D        | Noticed a flying skull
   988 | D        | Noticed a flying skull
   988 | D        | Noticed a flying skull
   988 | D        | Noticed a flying skull
   995 | D        | Identified Roxanne's Almanac of Shape Shifting
   995 | D        | Noticed Roxanne
   998 | D        | Found a glowing golden altar of the Shining One.
   998 | D        | Found a shimmering altar of Xom.
   999 | D        | Found a basalt altar of Yredelemnul.
   999 | D        | Found an ornate altar of the Wu Jian Council.
   999 | D        | Found a shimmering blue altar of Sif Muna.
   999 | D        | Found a sacrificial altar of Ru.
   999 | D        | Found a viscous altar of Jiyva.
  1013 | D        | Noticed a flying skull
  1014 | D        | Noticed a flying skull
  1030 | D        | Found a stormy altar of Qazlal.
  1031 | D        | Found a hazy altar of Hepliaklqana.
  1033 | D        | Found a snail-covered altar of Cheibriados.
  1033 | D        | Found an ancient bone altar of Kikubaaqudgha.
  1033 | D        | Found a bloodstained altar of Trog.
  1033 | D        | Found a glowing silver altar of Zin.
  1034 | D        | Found a shadowy altar of Dithmenos.
  1034 | D        | Found a corrupted altar of Lugonu.
  1034 | D        | Found a hide-covered altar of Uskayaw.
  1034 | D        | Noticed a polar bear
  1034 | D        | Noticed a polar bear
  1059 | D        | Killed a polar bear
  1060 | D        | Reached XP level 9. HP: 51/73 MP: 8/8
  1066 | D        | Killed a polar bear
  1176 | D        | Noticed a yaktaur
  1176 | D        | Noticed a polar bear
  1200 | D        | Killed a yaktaur
  1201 | D        | Reached skill level 10 in Armour
  1341 | D        | Noticed a hornet
  1363 | D        | Killed a polar bear
  1488 | D        | Killed a hornet
  1521 | D        | Found a white marble altar of Elyvilon.
  1521 | D        | Found a burning altar of Makhleb.
  1522 | D        | Found a blossoming altar of Fedhas.
  1523 | D        | Found an opulent altar of Gozag.
  1523 | D        | Found a sparkling altar of Nemelex Xobeh.
  1524 | D        | Found a radiant altar of Vehumet.
  1524 | D        | Found an iron altar of Okawaru.
  1617 | D        | Became a worshipper of Warmaster Okawaru
  1674 | D        | Noticed a kraken
  2116 | D        | Noticed an obsidian statue
  2119 | D        | Noticed Kirke
  2119 | D        | Noticed a yaktaur captain
  2119 | D        | Noticed a kobold demonologist
  2119 | D        | Noticed a centaur warrior
  2120 | D        | Noticed a red devil
  2120 | D        | Noticed a skeletal warrior
  2123 | D        | Shot with a bolt by a yaktaur captain

Illustrated notes

Levels and vault maps discovered:
D:        the_violet_keep_of_menkaure [sprint2_stairs_cluster_1,
          sprint2_shoproom, sprint2_temple, sprint2_basic_supplies,
          sprint2_obstacle_1, sprint2_obstacle_6, sprint2_obstacle_3,
          sprint2_obstacle_2, sprint2_obstacle_5, sprint2_timed_cluster_1,
          sprint2_smallroom_cluster_1, sprint2_smallroom_final_cluster_1,
          sprint2_transparent_cluster_1, sprint2_second_timed_cluster_1,
          sprint2_sniper_area_1, sprint2_heavy_combat_area_1,
          sprint2_mutation_trap_area_1, sprint2_forest_area_1,
          sprint2_light_combat_area_1, sprint2_behind_water_1,
          sprint2_near_end_vault_1]

Skill      XL: |  1  2  3  4  5  6  7  8  9 |
---------------+----------------------------+-----
Axes           | 10 12 13 14 | 14.7
Fighting       | 8 11 | 11.7
Armour         | 7 11 | 11.4
Shields        | 9 |  9.9

Action                   |  1- 3 |  4- 6 |  7- 9 || total
-------------------------+-------+-------+-------++-------
Melee: War axe           |     2 |    11 |   104 ||   117
 Abil: Dig               |       |       |     3 ||     3
  Use: Potion            |     1 |       |     2 ||     3
       Scroll            |       |       |     7 ||     7
Armor: Scale mail        |       |     2 |     6 ||     8
       Chain mail        |       |       |    45 ||    45
Dodge: Dodged            |       |     1 |    52 ||    53
Block: Buckler           |     1 |     1 |    24 ||    26

Table legend: (Time is in decaauts)
 A = Elapsed time spent in this place.
 B = Non-inter-level travel time spent in this place.
 C = Inter-level travel time spent in this place.
 D = Time resting spent in this place.
 E = Time spent auto-exploring this place.
 F = Levels seen in this place.
 G = Mean time per level.
                   A        B        C        D        E       F      G
               +--------+--------+--------+--------+--------+-----+--------+
         Total |   2167 |   2167 |      0 |   1438 |     77 |   1 | 2167.0 |
       Dungeon |   2167 |   2167 |      0 |   1438 |     77 |   1 | 2167.0 |
               +--------+--------+--------+--------+--------+-----+--------+

Top non-repeatable levels by time:
       D: 2167 daAuts
